 Dungeon Crawl Stone Soup version 0.28-a0-980-g3664467d6e (webtiles) character file.

Game seed: 18441355831415488127

77 BinkBink the Poker (level 4, -7/37 HPs)
             Began as a Human Monk on Dec 2, 2021.
             Was a Priest of Makhleb.
             Killed from afar by an orc wizard (12 damage)
             ... with a puff of flame
             ... on level 3 of the Dungeon.
             The game lasted 00:02:44 (1637 turns).

BinkBink the Poker (Human Monk)                     Turns: 1637, Time: 00:02:44

Health: -7/37      AC:  2    Str: 12    XL:     4   Next: 60%
Magic:  4/4        EV: 17    Int: 10    God:    Makhleb [***...]
Gold:   88         SH:  0    Dex: 17    Spells: 3/3 levels left

rFire   . . .      SeeInvis .   a - +0 spear
rCold   . . .      Faith    .   (no shield)
rNeg    . . .      Spirit   .   b - +0 robe
rPois   .          Reflect  .   (no helmet)
rElec   .          Harm     .   (no cloak)
rCorr   .          Rampage  .   (no gloves)
Will    .....                   (no boots)
Stlth   ++........              (no amulet)
HPRegen 0.12/turn               i - +4 ring of evasion
MPRegen 0.09/turn               (no ring)

@: no status effects
A: no striking features
a: Renounce Religion, Minor Destruction, Lesser Servant of Makhleb


You were on level 3 of the Dungeon.
You worshipped Makhleb.
Makhleb was most pleased with you.
You visited 1 branch of the dungeon, and saw 3 of its levels.

You collected 88 gold pieces.

Inventory:

Hand Weapons
 a - a +0 spear (weapon)
Armour
 b - a +0 robe (worn)
Jewellery
 i - a +4 ring of evasion (left hand)
Scrolls
 c - 3 scrolls of identify {unknown}
 d - a scroll of teleportation {unknown}
 g - a scroll of enchant weapon {unknown}
Potions
 e - a potion of lignification {unknown}
 f - a potion of resistance {unknown}
 h - a potion of berserk rage {unknown}


   Skills:
 + Level 3.7 Fighting
 + Level 3.8 Polearms
 + Level 3.7 Dodging
 - Level 2.0 Stealth


You had 3 spell levels left.
You didn't know any spells.
Your spell library was empty.

Dungeon Overview and Level Annotations

Branches:
Dungeon (3/15)

Altars:
Makhleb

Shops:
D:1 *

Annotations:
D:3 3 runed translucent doors, GenialerGandalf's ghost, amateur HOFi; Htamos's ghost, amateur DECj; Stonecrops's ghost, amateur OgBe


Message History

You reach to attack!
You hit the orc.
The orc is lightly wounded.
Something hits you. Something you can't see is in the way.
You closely miss something.
You hear some strange, mumbled words.
You are confused.
You are too confused!
You are too confused!
You are too confused!
You are too confused!
You bump into the stone wall.
Something hits you.
You hear some strange, mumbled words.
You are more confused.
You bump into the rock wall.
You bump into the stone wall.
Something hits you.
You bump into the rock wall.
Something hits you.
You bump into the rock wall.
Something hits you but does no damage.
You bump into the rock wall.
Something closely misses you.
You bump into the rock wall.
Something hits you but does no damage.
You bump into the rock wall.
You hear some strange, mumbled words.
A magic dart appears from out of thin air!
The magic dart hits you!
You're too confused to move!
You feel less confused. Something hits you.
* * * LOW HITPOINT WARNING * * *
Okay, then.
An orc wizard appears from thin air!
Reactivating autopickup.
The orc wizard mumbles some strange words.
The orc wizard flickers and vanishes!
Deactivating autopickup; reactivate with Ctrl-A.
A magic dart appears from out of thin air!
The magic dart hits you!
* * * LOW HITPOINT WARNING * * *
GenialerGandalf's ghost shouts, "Very impressive.
But it won't help.
Nothing will."
A puff of flame appears from out of thin air!
The puff of flame hits you!
You die...

##.#####.###.#⌠.......⌠#
.........# #.#♣.WWW...♣
.#######.###o####+++###
#....o#........#
###.#{#........#.
#.#.#.#...#....
#.#{#.#..##..>.
#..............
###.###@##..... #.#
#.#...... #.# #<.......
#.# #........ ..#
##....... )## #....#. .
#.#... .. ..... ..##.


You could see GenialerGandalf's ghost, Htamos's ghost (wandering) and
Stonecrops's ghost (wandering).

Vanquished Creatures
  A hound (D:2)
  An adder (D:2)
  A worm (D:2)
  2 dart slugs
  An orc (D:3)
  3 ball pythons
  4 endoplasms
  A giant cockroach (D:2)
  2 hobgoblins (D:2)
  5 kobolds (D:2)
  3 quokkas
  4 bats
  3 frilled lizards
  3 rats (D:1)
34 creatures vanquished.

Notes
Turn   | Place    | Note
-------+----------+-------------------------------------------
     0 | D:1      | BinkBink the Human Monk began the quest for the Orb.
     0 | D:1      | Reached XP level 1. HP: 18/18 MP: 1/1
   151 | D:1      | Found Cefirog's Assorted Antiques.
   210 | D:1      | Reached XP level 2. HP: 19/24 MP: 2/2
   716 | D:1      | Found a faded altar of an unknown god.
   810 | D:1      | Prayed at the altar of an unknown god.
   810 | D:1      | Became a worshipper of Makhleb the Destroyer
   810 | D:1      | Reached * piety under Makhleb
   810 | D:1      | Reached ** piety under Makhleb
   855 | D:2      | Reached *** piety under Makhleb
   871 | D:2      | Reached XP level 3. HP: 16/29 MP: 3/3
   871 | D:2      | Reached XP level 4. HP: 20/35 MP: 4/4
  1545 | D:3      | Found a runed translucent gate.
  1545 | D:3      | Found a runed translucent gate.
  1545 | D:3      | Found a runed translucent gate.
  1549 | D:3      | Noticed Htamos's ghost (amateur DECj)
  1549 | D:3      | Noticed GenialerGandalf's ghost (amateur HOFi)
  1550 | D:3      | Noticed Stonecrops's ghost (amateur OgBe)
  1637 | D:3      | Killed from afar by an orc wizard

Illustrated notes

Levels and vault maps discovered:
D:1:      heliophobic_arrival_glass_houses, layout_basic, serial_shops, shop,
          shapermc_ecumenical_altar_mp_highgroup
D:2:      layout_rooms, st_stairs_14
D:3:      layout_loops_ring, evilmike_ruin_ashenzari,
          nicolae_overflow_hidden_temple, mainiacjoe_overflow_paths,
          gammafunk_ghost_cemetery, minmay_misc_feat_roman, uniq_natasha

Action                   |  1- 3 |  4- 6 || total
-------------------------+-------+-------++-------
Melee: Spear             |    58 |    64 ||   122
  Use: Potion            |     2 |       ||     2
 Stab: Sleeping          |     7 |     3 ||    10
Armor: Robe              |     8 |     4 ||    12
Dodge: Dodged            |    22 |    39 ||    61

Table legend: (Time is in decaauts)
 A = Elapsed time spent in this place.
 B = Non-inter-level travel time spent in this place.
 C = Inter-level travel time spent in this place.
 D = Time resting spent in this place.
 E = Time spent auto-exploring this place.
 F = Levels seen in this place.
 G = Mean time per level.
                   A        B        C        D        E       F      G
               +--------+--------+--------+--------+--------+-----+--------+
         Total |   1628 |   1548 |     80 |      0 |   1264 |   3 |  542.7 |
       Dungeon |   1628 |   1548 |     80 |      0 |   1264 |   3 |  542.7 |
               +--------+--------+--------+--------+--------+-----+--------+

Top non-repeatable levels by time:
     D:1: 962 daAuts
     D:2: 575 daAuts
     D:3: 90 daAuts
